 Dungeon Crawl Stone Soup version 0.27.1-33-g824d729ab1 (webtiles) character file.

Game seed: 13062496144639665052

46 jlumianski the Skirmisher (level 3, -5/24 HPs)
             Began as a Gargoyle Monk on Dec 10, 2021.
             Slain by an iguana (11 damage)
             ... on level 5 of the Dungeon.
             The game lasted 00:02:17 (510 turns).

jlumianski the Skirmisher (Gargoyle Monk)            Turns: 510, Time: 00:02:18

Health: -5/24      AC:  5    Str: 15    XL:     3   Next: 66%
Magic:  3/3        EV: 12    Int: 10    God:
Gold:   76         SH:  0    Dex: 12    Spells: 2/2 levels left

rFire    . . .     SeeInvis .   a - +0 hand axe
rCold    . . .     Faith    .   (no shield)
rNeg     + . .     Spirit   .   b - +0 robe
rPois    ∞         Reflect  .   (no helmet)
rElec    +         Harm     .   (no cloak)
rCorr    .         Rampage  .   (no gloves)
Will     .....                  (no boots)
Stlth    ++........             (no amulet)
HPRegen  0.08/turn              (no ring)
MPRegen  0.08/turn              (no ring)

@: no status effects
A: sickness immunity, AC +3, negative energy resistance 1, electricity
resistance, torment resistance 1, petrification resistance
a: no special abilities


You were on level 5 of the Dungeon.
You visited 1 branch of the dungeon, and saw 5 of its levels.

You collected 76 gold pieces.

Inventory:

Hand Weapons
 a - a +0 hand axe (weapon)
Missiles
 g - 51 sling bullets
Armour
 b - a +0 robe (worn)
Scrolls
 c - a scroll of silence {unknown}
 d - a scroll of identify {unknown}
 e - a scroll of magic mapping {unknown}
Potions
 f - 2 potions of haste {unknown}


   Skills:
 + Level 3.9 Fighting
 + Level 3.2 Axes
 + Level 2.8 Dodging
 + Level 2.3 Stealth


You had 2 spell levels left.
You didn't know any spells.
Your spell library was empty.

Dungeon Overview and Level Annotations

Branches:
Dungeon (5/15)
 Temple: D:4-7

Altars:
Hepliaklqana
Trog

Annotations:
D:4 Eustachio


Innate Abilities, Weirdness & Mutations

You are immune to sickness and miasma.
Your stone body is resilient. (AC +3)
You are immune to poison.
You resist negative energy. (rN+)
You are resistant to electric shocks. (rElec)
You are resistant to unholy torment.
You are immune to petrification.


Message History

The adder skeleton bites you.
You hit the adder skeleton.
The adder skeleton is severely damaged.
The adder skeleton misses you.
You slash the adder skeleton!
You destroy the adder skeleton!
You now have 46 gold pieces (gained 16).
You hear the slow hiss of an avalanche of sand very nearby.
Found 12 gold pieces and a leather armour.
Found 18 gold pieces.
Found a short sword.
You now have 58 gold pieces (gained 12).
An iguana comes into view.
You see here 18 gold pieces.
Found a short glass wand.
You see here a +0 short sword.
You see here 18 gold pieces.
You now have 76 gold pieces (gained 18).
Found a ring mail.
You closely miss the iguana. The iguana closely misses you.
You hit the iguana.
The iguana is lightly wounded.
The iguana bites you!
You hit the iguana but do no damage.
The iguana is lightly wounded.
The iguana bites you.
* * * LOW HITPOINT WARNING * * *
You hit the iguana.
The iguana is lightly wounded.
The iguana completely misses you.
You hit the iguana but do no damage.
The iguana is lightly wounded.
The iguana barely misses you.
You barely miss the iguana.
The iguana is lightly wounded.
The iguana barely misses you.
You closely miss the iguana.
The iguana is lightly wounded.
The iguana bites you!
You die...

#.### #.# #..........
....##.####.........#
#..#............#..
#.....###... #.##..#
# #.[######.
#.........
##.######.#
#)@l.....# #..#######
...... ..#.###.# #.
#. .# [. .. # . .#.
#.#/


You could see an iguana.

Vanquished Creatures
  A howler monkey (D:4)
  An adder skeleton (D:5)
  2 bats (D:1)
  An endoplasm (D:2)
  A frilled lizard (D:1)
6 creatures vanquished.

Notes
Turn   | Place    | Note
-------+----------+-------------------------------------------
     0 | D:1      | jlumianski the Gargoyle Monk began the quest for the Orb.
     0 | D:1      | Reached XP level 1. HP: 14/14 MP: 1/1
   308 | D:4      | Noticed a howler monkey
   324 | D:4      | Killed a howler monkey
   325 | D:4      | Reached XP level 2. HP: 11/20 MP: 2/2
   325 | D:4      | Reached XP level 3. HP: 13/24 MP: 3/3
   352 | D:5      | Entered Level 5 of the Dungeon
   388 | D:4      | Found a bloodstained altar of Trog.
   396 | D:4      | Found a hazy altar of Hepliaklqana.
   403 | D:4      | Noticed Eustachio
   510 | D:5      | Slain by an iguana

Illustrated notes

Levels and vault maps discovered:
D:1:      scummos_arrival_simple_crosswalls, layout_basic,
          basic_ecumenical_altar
D:2:      minmay_diamond_boxcup, layout_loops_ring, serial_shops, shop_statue,
          shop, shop, shop, shop, minmay_misc_feat_x
D:3:      layout_basic, elyvilon_altar_5, mainiacjoe_overflow_alcove_1,
          uniq_terence, uniq_robin, uniq_grinder
D:4:      layout_basic, mainiacjoe_overflow_large_starburst, serial_shops,
          nicolae_diamond_shop, kennysheep_nondescript, wad_floor_pattern_1,
          minmay_misc_feat_chi, uniq_menkaure, uniq_eustachio
D:5:      layout_loops_ring, minmay_temple_entry_drinking_statues,
          gammafunk_ghost_grave, gup_ossuary_entry_pyramid

Skill      XL: |  1 |
---------------+----+-----
Axes           | 3 |  3.2
Fighting       | |  3.9
Dodging        | |  2.8
Stealth        | |  2.3

Action                   || total
-------------------------++-------
Melee: Hand axe          ||    37
Armor: Robe              ||    13
Dodge: Dodged            ||    20
